 Dungeon Crawl Stone Soup version 0.30-a0-381-g6ea064c7b4 (webtiles) character file.

Game seed: 16636845707870596530

1471 NinjaNoafa the Cleaver (level 8, -2/68 HPs)
             Began as a Hill Orc Fighter on Dec 1, 2022.
             Was a Priest of Uskayaw.
             Slain by a wyvern (5 damage)
             ... on level 7 of the Dungeon.
             The game lasted 00:08:09 (6785 turns).

NinjaNoafa the Cleaver (Hill Orc Fighter)           Turns: 6785, Time: 00:08:09

Health: -2/68      AC:  8    Str: 21    XL:     8   Next: 78%
Magic:  17/17      EV:  9    Int:  8    God:    Uskayaw [***...]
Gold:   176        SH:  5    Dex: 16    Spells: 7/7 levels left

rFire   + . .      SeeInvis .    a - +0 war axe
rCold   . . .      Faith    .    c - +0 buckler
rNeg    . . .      Spirit   .    C - +0 scale mail {rF+}
rPois   .          Reflect  .    (no helmet)
rElec   .          Harm     .    s - +0 cloak
rCorr   .          Rampage  .    (no gloves)
Will    .....                    (no boots)
Stlth   ..........               (no amulet)
HPRegen 0.31/turn                y - +6 ring of dexterity
MPRegen 0.15/turn                E - ring of magical power

@: mighty, slowed, very slow
A: no striking features
a: Renounce Religion, Stomp, Line Pass


You were on level 7 of the Dungeon.
You worshipped Uskayaw.
Uskayaw was noncommittal.
You visited 2 branches of the dungeon, and saw 8 of its levels.

You collected 378 gold pieces.
You spent 202 gold pieces at shops.

Inventory:

Hand Weapons
 a - a +0 war axe (weapon)
Missiles
 f - 58 stones (quivered)
 g - 12 poisoned darts
 w - 8 javelins
Armour
 c - a +0 buckler (worn)
 s - a +0 cloak (worn)
 C - a +0 scale mail of fire resistance (worn)
Jewellery
 y - a +6 ring of dexterity (left hand)
 E - a ring of magical power (right hand)
Wands
 u - a wand of iceblast (19)
 A - a wand of paralysis (5)
 D - a wand of acid (7)
Scrolls
 b - a scroll of silence {unknown}
 d - a scroll of noise {unknown}
 h - 4 scrolls of teleportation
 i - 3 scrolls of enchant weapon {unknown}
 j - 3 scrolls of blinking {unknown}
 k - a scroll of summoning {unknown}
 l - 2 scrolls of fear {unknown}
 m - a scroll of butterflies {unknown}
 n - 2 scrolls of poison {unknown}
 p - 4 scrolls of enchant armour {unknown}
 q - 2 scrolls of immolation {unknown}
 B - a scroll of amnesia
Potions
 o - 2 potions of ambrosia
 r - 4 potions of invisibility
 t - a potion of brilliance
 v - a potion of resistance
 x - a potion of curing
 z - a potion of lignification {unknown}
 F - a potion of might
 G - a potion of mutation {unknown}
 H - 2 potions of cancellation
 I - a potion of flight {unknown}


   Skills:
 - Level 5.0 Fighting
 + Level 11.9 Axes
 - Level 5.0 Armour
 - Level 5.0 Shields


You had 7 spell levels left.
You didn't know any spells.
Your spell library contained the following spells:

 Spells                   Type           Power      Damage    Failure   Level
 Magic Dart               Conj           0%         1d3       82%         1
 Sting                    Tmut/Pois      0%         1d3       82%         1
 Call Imp                 Summ           0%         N/A       91%         2
 Poisonous Vapours        Pois/Air       0%         N/A       91%         2
 Frozen Ramparts          Ice            0%         1d1       99%         3
 Mephitic Cloud           Conj/Pois/Air  0%         N/A       99%         3
 Ice Form                 Ice/Tmut       0%         N/A       100%        4
 Olgreb's Toxic Radiance  Pois           0%         N/A       100%        4
 Summon Ice Beast         Ice/Summ       0%         N/A       100%        4
 Alistair's Intoxication  Tmut/Pois      0%         N/A       100%        5
 Borgnjor's Vile Clutch   Necr/Erth      0%         N/A       100%        5
 Eringya's Noxious Bog    Tmut/Pois      0%         N/A       100%        6


Dungeon Overview and Level Annotations

Branches:
Dungeon (7/15)             Temple (1/1) D:5

Altars:
Ashenzari
Dithmenos
Elyvilon
Fedhas
Gozag
Hepliaklqana
Kikubaaqudgha
Makhleb
Nemelex Xobeh
Okawaru
Qazlal
Ru
Sif Muna
Uskayaw
Vehumet
Wu Jian
Xom
Zin
The Shining One

Shops:
D:2 [   D:4 ?*!


Message History

* * * LOW HITPOINT WARNING * * *
Okay, then.
You are too injured to fight recklessly!
You feel much better.
You feel sick. You block the wyvern's attack. The wyvern bites you!
The shadow imp hits you but does no damage.
You feel very mighty all of a sudden.
You feel sick. The wyvern barely misses you.
The wyvern bites you but does no damage.
The shadow imp closely misses you.
The shadow imp hits you but does no damage.
The wyvern bites you!
You hit the wyvern but do no damage.
The wyvern is moderately wounded.
You closely miss the shadow imp.
You feel sick.
You are no longer poisoned.
You block the wyvern's attack. The shadow imp hits you.
* * * LOW HITPOINT WARNING * * *
The wyvern bites you.
* * * LOW HITPOINT WARNING * * *
You hit the wyvern.
The wyvern is moderately wounded.
You slash the shadow imp!
You kill the shadow imp!
You block the wyvern's attack. The wyvern completely misses you.
The kobold brigand hits you with a +0 club.
* * * LOW HITPOINT WARNING * * *
Uskayaw will force your foes to helplessly watch your dance.
You feel much better. The wyvern bites you! x2
* * * LOW HITPOINT WARNING * * *
The kobold brigand hits you with a +0 club.
* * * LOW HITPOINT WARNING * * *
You hit the wyvern.
The wyvern is heavily wounded.
You slash the kobold brigand! The wyvern bites you!
* * * LOW HITPOINT WARNING * * *
The kobold brigand hits you with a +0 club.
* * * LOW HITPOINT WARNING * * *
The wyvern bites you.
You die...

o.. ....#............
..##.................
#....#####...........
#...# #........... #...#
#........... ##...#
#...#....... ..##....#
##.##....... .......l##
##..........
..####.K@#####........###
##....#..####..###
###.......# ##..#
...!.......# ##.#
..#.........# .#
#...#.....# ..
#...###..... .. #...
##.#### #.#. ###


You could see a wyvern and a kobold brigand.

Vanquished Creatures
  A steam dragon (D:7)
  A black bear (D:6)
  3 ice beasts
  A centaur (D:5)
  Blork the orc (D:5)
  2 bullfrogs
  A scorpion (D:3)
  A howler monkey (D:5)
  A crimson imp (D:4)
  2 hounds
  4 jellies
  3 orc priests
  An iguana (D:6)
  3 orc wizards
  4 adders
  2 shadow imps
  3 white imps (D:6)
  An ufetubus (D:6)
  2 worms
  2 dart slugs
  22 orcs
  7 ball pythons
  7 bats
  7 endoplasms
  7 giant cockroaches
  4 goblins
  9 hobgoblins
  4 kobolds
  2 quokkas
  2 frilled lizards
  3 rats
113 creatures vanquished.

Notes
Turn   | Place    | Note
-------+----------+-------------------------------------------
     0 | D:1      | NinjaNoafa the Hill Orc Fighter began the quest for the
                  | Orb.
     0 | D:1      | Reached XP level 1. HP: 19/19 MP: 1/1
    76 | D:1      | Reached skill level 3 in Axes
   194 | D:1      | Reached XP level 2. HP: 26/26 MP: 2/2
   287 | D:1      | Reached skill level 4 in Axes
   682 | D:1      | Reached XP level 3. HP: 24/31 MP: 3/3
  1211 | D:2      | Found Sesuokk's Antique Armour Shop.
  1333 | D:2      | Reached skill level 5 in Axes
  1958 | D:3      | Reached skill level 6 in Axes
  1958 | D:3      | Reached XP level 4. HP: 26/39 MP: 4/4
  2081 | D:3      | Found a faded altar of an unknown god.
  2113 | D:3      | Noticed a scorpion
  2124 | D:3      | Killed a scorpion
  2125 | D:3      | Reached skill level 7 in Axes
  2125 | D:3      | Reached XP level 5. HP: 26/45 MP: 5/5
  3166 | D:4      | Found Vommoat's General Store.
  3184 | D:4      | Reached skill level 8 in Axes
  3184 | D:4      | Found Ynauve's Magic Scroll Shop.
  3189 | D:4      | Bought a scroll of identify for 22 gold pieces
  3189 | D:4      | Bought a scroll of teleportation for 33 gold pieces
  3244 | D:4      | Reached XP level 6. HP: 6/51 MP: 6/6
  3459 | D:4      | Found Keqarch's Distillery.
  3826 | D:4      | Found a shimmering altar of Xom.
  3826 | D:4      | Found a burning altar of Makhleb.
  3983 | D:5      | Entered Level 5 of the Dungeon
  3989 | D:5      | Reached skill level 9 in Axes
  4137 | D:5      | Reached XP level 7. HP: 49/57 MP: 7/7
  4292 | D:2      | Bought a glowing scale mail for 147 gold pieces
  4522 | D:5      | Noticed Blork the orc
  4531 | D:5      | Killed Blork the orc
  4532 | D:5      | Reached skill level 10 in Axes
  4582 | D:5      | Reached skill level 11 in Axes
  5045 | D:5      | Found a staircase to the Ecumenical Temple.
  5139 | Temple   | Entered the Ecumenical Temple
  5351 | Temple   | Became a worshipper of Uskayaw the Reveller
  5402 | D:6      | Reached * piety under Uskayaw
  5427 | D:6      | Reached ** piety under Uskayaw
  5522 | D:6      | Reached *** piety under Uskayaw
  5709 | D:6      | Reached XP level 8. HP: 57/66 MP: 8/8
  5970 | D:6      | Found a sparkling altar of Nemelex Xobeh.
  6647 | D:7      | Found a hazy altar of Hepliaklqana.
  6749 | D:7      | Reached skill level 5 in Fighting
  6773 | D:7      | Reached skill level 5 in Armour
  6773 | D:7      | Reached skill level 5 in Shields
  6773 | D:7      | Noticed a wyvern
  6785 | D:7      | HP: 3/68 [kobold brigand/+0 club (5)]
  6785 | D:7      | Slain by a wyvern

Illustrated notes

Levels and vault maps discovered:
D:1:      sevenhm_arrival_forest_fort_small_3, layout_basic, serial_aquarium,
          aquarium_bridge_straight [aquarium_subvault_bridge,
          aquarium_subvault_wall, aquarium_subvault_bridge,
          aquarium_subvault_wall], aquarium_window_fake, aquarium_window_1,
          aquarium_window_1, aquarium_view_2d, aquarium_view_2c,
          aquarium_balcony_3a, aquarium_pool_2, minmay_heptomino_w4
D:2:      layout_loops_ring, serial_shops, nicolae_shop_window_shopping
D:3:      kennysheep_six_static_rooms, layout_basic,
          ebering_ecumenical_altar_webs
D:4:      nicolae_cairo_tiling_large, layout_gridville,
          grunt_temple_overflow_champion_of_chaos, serial_shops,
          nicolae_take_the_stairs, nicolae_stop_n_shop_1, nicolae_square_shop,
          minmay_distorted
D:5:      layout_rooms, minmay_temple_entry_ruins, nrook_loot_triangle,
          uniq_blork_the_orc
D:6:      layout_loops_ring, mainiacjoe_overflow_alcove_2
D:7:      layout_layer_cave, yredelemnul_forgotten_temple_becter, trog_book,
          worldfamousw_hep_ancestral_shrine, minmay_ruined_shrine
Temple:   regret_index_temple_generic_petals

Skill      XL: |  1  2  3  4  5  6  7  8 |
---------------+-------------------------+-----
Axes           | 3 4 6 7 8 9 11 | 11.9
Fighting       | 4 5 |  5.0
Armour         | 5 |  5.0
Shields        | 5 |  5.0

Action                   |  1- 3 |  4- 6 |  7- 9 || total
-------------------------+-------+-------+-------++-------
Melee: War axe           |   112 |   126 |   133 ||   371
  Use: Potion            |       |     2 |     4 ||     6
       Scroll            |       |     5 |     2 ||     7
Armor: Scale mail        |    63 |    53 |    57 ||   173
Dodge: Dodged            |    83 |    70 |    60 ||   213
Block: Buckler           |    28 |    26 |    40 ||    94

Table legend: (Time is in decaauts)
 A = Elapsed time spent in this place.
 B = Non-inter-level travel time spent in this place.
 C = Inter-level travel time spent in this place.
 D = Time resting spent in this place.
 E = Time spent auto-exploring this place.
 F = Levels seen in this place.
 G = Mean time per level.
                   A        B        C        D        E       F      G
               +--------+--------+--------+--------+--------+-----+--------+
         Total |   6844 |   6220 |    624 |      0 |   5183 |   8 |  855.5 |
       Dungeon |   6600 |   6033 |    567 |      0 |   5008 |   7 |  942.9 |
        Temple |    243 |    186 |     57 |      0 |    175 |   1 |  243.0 |
               +--------+--------+--------+--------+--------+-----+--------+

Top non-repeatable levels by time:
     D:3: 1421 daAuts
     D:1: 1231 daAuts
     D:6: 1155 daAuts
     D:5: 923 daAuts
     D:4: 852 daAuts
     D:2: 783 daAuts
  Temple: 243 daAuts
     D:7: 233 daAuts
